 Dungeon Crawl Stone Soup version 0.28-a0-1389-gc726bef33b (webtiles) character file.

Game seed: 15903129218193353703

39 ChaosChampion the Insei (level 3, -1/23 HPs)
             Began as an Octopode Transmuter on Jan 3, 2022.
             Slain by a gnoll (11 damage)
             ... on level 1 of the Dungeon.
             The game lasted 00:01:12 (1911 turns).

ChaosChampion the Insei (Octopode Transmuter)       Turns: 1911, Time: 00:01:13

Health: -1/23      AC:  1    Str:  9    XL:     3   Next: 47%
Magic:  4/6        EV: 13    Int: 17    God:
Gold:   63         SH:  0    Dex: 12    Spells: 3/6 levels left

rFire   . . .      SeeInvis .     - Unarmed
rCold   . . .      Faith    .   (no shield)
rNeg    . . .      Spirit   .   (helmet currently unavailable)
rPois   .          Reflect  .   (no amulet)
rElec   .          Harm     .   (no ring)
rCorr   .          Rampage  .   (no ring)
Will    .....                   (no ring)
Stlth   ++........              (no ring)
HPRegen 0.07/turn               (no ring)
MPRegen 0.10/turn               (no ring)
                                (no ring)
                                (no ring)

@: appendages (expiring), wereblooded
A: tentacle spike 3, almost no armour, amphibious, 8 rings, camouflage 1,
gelatinous body 1, (nimble swimmer 1), tentacles
a: End Transformation


You were on level 1 of the Dungeon.
One of your tentacles had grown a beastly spike.
You visited 1 branch of the dungeon, and saw 2 of its levels.

You collected 63 gold pieces.

Inventory:

Scrolls
 a - 2 scrolls of identify {unknown}
Potions
 b - a potion of invisibility {unknown}
 c - 2 potions of heal wounds {unknown}
 d - a potion of mutation {unknown}


   Skills:
 + Level 1.5 Fighting
 + Level 2.4 Dodging
 * Level 3.6 Unarmed Combat
 - Level 2.0 Spellcasting
 + Level 2.4 Transmutations


You had 3 spell levels left.
You knew the following spells:

 Your Spells              Type           Power      Damage    Failure   Level
a - Beastly Appendage     Tmut           18%        N/A       7%          1
b - Wereblood             Tmut           9%         N/A       11%         2

Your spell library contained the following spells:

 Spells                   Type           Power      Damage    Failure   Level
 Spider Form              Tmut/Pois      5%         N/A       34%         3
 Ice Form                 Ice/Tmut       5%         N/A       75%         4


Dungeon Overview and Level Annotations

Branches:
Dungeon (2/15)

Altars:

Shops:
D:1 ?


Innate Abilities, Weirdness & Mutations

One of your tentacles has grown a beastly spike.
You cannot wear most types of armour.
You are amphibious.
You can wear up to eight rings at the same time.
Your skin changes colour to match your surroundings (Stealth+).
Your rubbery body absorbs attacks. (AC +1, EV +1)
((You are camouflaged when in or above water. (Stealth+)))
You have tentacles for arms and can constrict up to eight enemies at once.


Message History

There is a stone staircase leading down here.
You start resting.
HP restored.
You start waiting.
Done waiting.
Casting: Beastly Appendage (safe; 7% risk of failure)
Confirm with . or Enter, or press ? or * to list all spells.
One of your tentacles grows a vicious spike.
Casting: Beastly Appendage (safe; 7% risk of failure)
Confirm with . or Enter, or press ? or * to list all spells.
Your blood is infused with primal strength.
You climb downwards.
There is a stone staircase leading up here.
No target in view!
A gnoll comes into view. It is wielding a +0 whip.
You closely miss the gnoll. Your grab misses the gnoll.
You tentacle-slap the gnoll. You grab the gnoll.
The gnoll is heavily wounded.
You constrict the gnoll. The gnoll hits you with a +0 whip.
The gnoll hits you with a +0 club.
You completely miss the gnoll.
The gnoll is heavily wounded.
You constrict the gnoll, but do no damage.
The gnoll hits you with a +0 whip. The gnoll hits you with a +0 club.
You are too injured to fight recklessly!
You release your grip on the gnoll.
There is a stone staircase leading up here.
The gnoll misses you.
You climb upwards.
There is a stone staircase leading down here.
You tentacle-slap the gnoll but do no damage.
Your grab misses the gnoll.
Your transformation is almost over.
The gnoll misses you.
You closely miss the gnoll. You grab the gnoll. You constrict the gnoll.
The gnoll completely misses you.
You tentacle-slap the gnoll.
You pierce the gnoll.
The gnoll is severely wounded.
You constrict the gnoll. The gnoll hits you with a +0 whip!
You die...

..##.......# ##.####.####
..#.###.# .###.##.# ######## ##
##...# #......# .###.####
#.####.# #.#.######## ###.####.#
##.###.....# #......#.#### ####
#.....#####@#.##......# #
#..........g#.####.##.#
#.....#######......##.# #.....#
#########.##### ####.####
#........# #..>....# #.#......##
#.##.##.###########..........
#####.##[............##.#.....)..
#.....#.......##..†..##.#........


You could see a gnoll.

Vanquished Creatures
  A worm (D:2)
  2 dart slugs (D:1)
  5 bats
  10 endoplasms (D:1)
  A goblin (D:1)
  2 hobgoblins (D:1)
  5 kobolds
  A ball python (D:1)
  A rat (D:1)
28 creatures vanquished.

Notes
Turn   | Place    | Note
-------+----------+-------------------------------------------
     0 | D:1      | ChaosChampion the Octopode Transmuter began the quest for
                  | the Orb.
     0 | D:1      | Reached XP level 1. HP: 13/13 MP: 3/3
    61 | D:1      | Found a faded altar of an unknown god.
   351 | D:1      | Reached XP level 2. HP: 18/18 MP: 3/5
   872 | D:1      | Found Dethinne's Magic Scroll Emporium.
   998 | D:1      | Reached XP level 3. HP: 20/23 MP: 6/6
  1618 | D:2      | Learned a level 2 spell: Wereblood
  1911 | D:1      | Slain by a gnoll

Illustrated notes

Levels and vault maps discovered:
D:1:      eino_arrival_tree_alley, layout_loops_cross,
          dreamdust_ecumenical_altar_statues, serial_shops, shop
D:2:      layout_rooms, minmay_misc_feat_secret_circle

Action                   || total
-------------------------++-------
Melee: Unarmed           ||    73
       Tentacles         ||    14
       Constrict         ||    17
       Kick              ||    11
 Cast: Beastly Appendage ||    12
       Wereblood         ||     1
 Stab: Sleeping          ||     7
Armor: Skin              ||     6
Dodge: Dodged            ||    30

Table legend: (Time is in decaauts)
 A = Elapsed time spent in this place.
 B = Non-inter-level travel time spent in this place.
 C = Inter-level travel time spent in this place.
 D = Time resting spent in this place.
 E = Time spent auto-exploring this place.
 F = Levels seen in this place.
 G = Mean time per level.
                   A        B        C        D        E       F      G
               +--------+--------+--------+--------+--------+-----+--------+
         Total |   1907 |   1898 |      9 |    445 |   1222 |   2 |  953.5 |
       Dungeon |   1907 |   1898 |      9 |    445 |   1222 |   2 |  953.5 |
               +--------+--------+--------+--------+--------+-----+--------+

Top non-repeatable levels by time:
     D:1: 1807 daAuts
     D:2: 100 daAuts
